Construct Infanterie Kompanie
Construct Panzergrenadier Kompanie
Construct Luftwaffe Kompanie
Flak 30 Anti-aircraft Gun Team
Selects Mechanized Battlegroup
Selects Mobile Repair Stations
Selects Wespe Self-propelled Artillery
Flak 30 Anti-aircraft Gun Team
Panzergrenadier Officer Quarters
Construct Panzer Kompanie
Flak 30 Anti-aircraft Gun Team
Selects StuG Assault Group
Selects UNKNOWN (2160084)
Selects Zeroing Artillery Barrage